 Dungeon Crawl Stone Soup version 0.31-a0-1112-ga3593d9213 (webtiles) character file.

Game seed: 14416348747094910488

11338 James the Grappler (level 11, -14/111 HPs)
             Began as a Troll Shapeshifter on Dec 4, 2023.
             Was a Priest of Uskayaw.
             Demolished by a minotaur
             ... wielding the +4 hand axe "Laovutun" {freeze, Str+2 Dex+5}
              (37 damage)
             ... in a Gauntlet.
             The game lasted 00:40:36 (8476 turns).

James the Grappler (Troll Shapeshifter)             Turns: 8476, Time: 00:40:36

Health: -14/111    AC:  9    Str: 26    XL:     11   Next: 48%
Magic:  10/10      EV: 15    Int:  6    God:    Uskayaw [***...]
Gold:   909        SH:  0    Dex: 11    Spells: 10/10 levels left

rFire   + .          .
                       - Unarmed
rCold   + . .        (no shield)
rNeg    . . .        y - +5 robe of Misfortune {Harm *Corrode *Slow EV+5}
rPois   .            (helmet currently unavailable)
rElec   .            (cloak currently unavailable)
rCorr   .            (gloves unavailable)
SInv    .            (boots unavailable)
Will    .....        e - amulet of regeneration
Stlth   +            i - ring of protection from fire
HPRegen 1.98/turn    o - ring of protection from cold
MPRegen 0.12/turn

%: no teleportation, corrode self (3%), slow self (1%), harm (+30% outgoing,
+20% incoming)
@: beast-form, invisible
A: beast (slay +4), large, unfitting armour, claws 3, regeneration 1, shaggy fur
1, tough skin 1
a: Begin Untransformation, Renounce Religion, Stomp, Line Pass


You were in a Gauntlet.
You worshipped Uskayaw.
Uskayaw was noncommittal.
You were a hulking beast.
You visited 2 branches of the dungeon, and saw 12 of its levels.
You also visited: Gauntlet.

You collected 964 gold pieces.
You spent 55 gold pieces at shops.

Inventory:

Hand Weapons
 F - a +2 sling of flaming
   (You took it off Joseph on level 10 of the Dungeon)
 G - a +3 dagger
   (You took it off a wight on level 7 of the Dungeon)
 L - a +4 spear
   (You took it off a wight on level 8 of the Dungeon)
Missiles
 a - 2 boomerangs
 n - 22 poisoned darts (quivered)
 E - 15 large rocks
 H - 2 atropa-tipped darts
Armour
 f - the -2 cloak "Ostrigunu" {rF++}
   (You found it in a Gauntlet)

   rF++:      It greatly protects you from fire.
 y - the +5 robe of Misfortune (worn) {Harm *Corrode *Slow EV+5}
   (You found it on level 4 of the Dungeon)

   EV+5:      It affects your evasion (+5).
   *Corrode:  It may corrode you when you take damage.
   *Slow:     It may slow you when you take damage.
   Harm:      It increases damage dealt and taken.
 A - a +2 robe of willpower
   (You took it off Pikel on level 6 of the Dungeon)
 B - a +0 robe
   (You took it off an arcanist in a Gauntlet)
 I - +0 acid dragon scales
   (You found it on level 10 of the Dungeon)
 O - a +0 troll leather armour
   (You found it on level 11 of the Dungeon)
Magical Staves
 w - a staff of cold
   (You found it on level 5 of the Dungeon)
Jewellery
 e - an amulet of regeneration (around neck)
   (You found it on level 4 of the Dungeon)
 i - a ring of protection from fire (left claw)
   (You found it on level 4 of the Dungeon)
 o - a ring of protection from cold (right claw)
   (You found it on level 6 of the Dungeon)
Talismans
 c - a beast talisman
 d - a flux talisman
 p - a blade talisman
   (You found it on level 2 of the Dungeon)
 q - a maw talisman
   (You found it on level 2 of the Dungeon)
Wands
 t - a wand of flame (15)
   (You found it in a Gauntlet)
 x - a wand of acid (10)
   (You found it on level 5 of the Dungeon)
 M - a wand of roots (11)
   (You found it on level 8 of the Dungeon)
Scrolls
 j - 2 scrolls of fear
 m - 4 scrolls of blinking
 s - 4 scrolls of teleportation {@r4}
 u - 3 scrolls of enchant weapon
 C - a scroll of acquirement
 J - 2 scrolls of revelation
Potions
 b - 6 potions of lignification {!q}
 g - 7 potions of curing {@q1}
 h - 3 potions of heal wounds {@q2}
 k - 2 potions of haste {@q3}
 l - 4 potions of mutation {!q}
 r - 2 potions of enlightenment
 v - 3 potions of brilliance
 z - a potion of might
 D - a potion of magic
 S - a potion of degeneration {unknown}


   Skills:
 - Level 8.0 Fighting
 - Level 3.0 Dodging
 - Level 12.0 Unarmed Combat
 + Level 9.9 Shapeshifting


You had 10 spell levels left.
You didn't know any spells.
Your spell library contained the following spells:

 Spells                   Type           Power      Damage    Failure   Level
 Apportation              Tloc           0%         N/A       45%         1
 Necrotise                Necr           0%         1d4       45%         1
 Summon Small Mammal      Summ           0%         N/A       45%         1
 Cigotuvi's Dreadful Rot  Necr/Pois/Air  0%         N/A       58%         2
 Ensorcelled Hibernation  Hex/Ice        0%         N/A       58%         2
 Jinxbite                 Hex            0%         N/A       58%         2
 Passwall                 Tmut/Erth      0%         N/A       58%         2
 Gell's Gravitas          Tloc           0%         N/A       83%         3
 Ignite Poison            Fire/Tmut/Pois 0%         N/A       83%         3
 Swiftness                Air            0%         N/A       83%         3
 Teleport Other           Tloc           0%         N/A       83%         3
 Tukima's Dance           Hex            0%         N/A       83%         3
 Volatile Blastmotes      Fire/Tloc      0%         2d10      83%         3
 Anguish                  Hex/Necr       0%         N/A       99%         4
 Animate Armour           Summ/Erth      0%         N/A       99%         4
 Animate Dead             Necr           0%         N/A       99%         4
 Brom's Barrelling Bould  Conj/Erth      0%         2d3       99%         4
 Fulminant Prism          Conj/Hex       0%         3d5       99%         4
 Iskenderun's Mystic Bla  Conj/Tloc      0%         2d3       99%         4
 Passage of Golubria      Tloc           0%         N/A       99%         4
 Sticky Flame             Conj/Fire      0%         2d3       99%         4
 Summon Lightning Spire   Summ/Air       0%         N/A       99%         4
 Fireball                 Conj/Fire      0%         3d3       100%        5
 Freezing Cloud           Conj/Ice/Air   0%         6-21      100%        5
 Iskenderun's Battlesphe  Conj           0%         2d6       100%        5
 Lee's Rapid Deconstruct  Erth           0%         3d4*      100%        5
 Yara's Violent Unravell  Hex/Tmut       0%         3d3       100%        5
 Conjure Ball Lightning   Conj/Air       0%         3x3d6     100%        6
 Dispersal                Tloc           0%         N/A       100%        6
 Orb of Destruction       Conj           0%         9d5       100%        7
 Ignition                 Fire           0%         3d3       100%        8
 Chain Lightning          Conj/Air       0%         N/A       100%        9
 Fire Storm               Conj/Fire      0%         5d1       100%        9
 Shatter                  Erth           0%         3d5*      100%        9


Dungeon Overview and Level Annotations

Branches:
Dungeon (11/15)            Temple (1/1) D:6            Lair (0/5) D:8
    Orc (0/2) D:10        Gauntlet (1/1)

Altars:
Ashenzari
Cheibriados
Dithmenos
Elyvilon
Fedhas
Gozag
Hepliaklqana
Kikubaaqudgha
Makhleb
Nemelex Xobeh
Okawaru
Qazlal
Ru
Sif Muna
Trog
Uskayaw
Vehumet
Wu Jian
Xom
Yredelemnul
Zin
The Shining One

Shops:
D:1 [   D:5 *[[=!

Annotations:
Gauntlet 7 transporters, exclusion: orange crystal statue


Innate Abilities, Weirdness & Mutations

You are a hulking beast.
Your limbs bulge with bestial killing power. (Slay +4)
You are too large for most types of armour.
You have claws for hands.
Your natural rate of healing is unusually fast.
You are covered in fur. (AC +1)
You have tough skin. (AC +1)


Message History

Uskayaw will no longer force your foes to share their pain.
t - a wand of flame (15);
B - a +0 robe Uskayaw will no longer force your foes to helplessly watch your dance.
There is a transporter here.
You can no longer pass through a line of other dancers.
The white imp shouts!
H - 2 atropa-tipped darts
There is a transporter here.
You enter the transporter and appear at another place.
There is a transporter here.
Press: ? - help, v - describe, . - travel
Here: a blizzard demon (fire blocked by a translucent stone wall)
The floor.
There is a transporter here.
You enter the transporter and appear at another place.
The minotaur bellows!
You mangle the minotaur!!
The minotaur hits you with the +4 hand axe "Laovutun" {freeze, Str+2 Dex+5}.
The minotaur gores you!
You scratch the minotaur but do no damage.
The minotaur hits you with the +4 hand axe "Laovutun" {freeze, Str+2 Dex+5}!!
The minotaur freezes you.
* * * LOW HITPOINT WARNING * * *
The minotaur misses you.
You scratch the minotaur but do no damage.
The minotaur hits you with the +4 hand axe "Laovutun" {freeze, Str+2 Dex+5}!
* * * LOW HITPOINT WARNING * * *
The minotaur freezes you.
* * * LOW HITPOINT WARNING * * *
The minotaur gores you!
* * * LOW HITPOINT WARNING * * *
You fade into invisibility!
The minotaur hits you but does no damage.
The minotaur gores you but does no damage.
Unknown command.
You claw the minotaur!
You can now pass through a line of other dancers.
You claw the minotaur!
The minotaur hits you with the +4 hand axe "Laovutun" {freeze, Str+2 Dex+5}.
* * * LOW HITPOINT WARNING * * *
The minotaur closely misses you.
You claw the minotaur! The minotaur misses you. The minotaur gores you.
* * * LOW HITPOINT WARNING * * *
Uskayaw will force your foes to helplessly watch your dance.
Uskayaw prepares the audience for your solo!
The helpless minotaur fails to defend itself.
You scratch the minotaur but do no damage.
The minotaur is no longer paralysed.
The minotaur hits you with the +4 hand axe "Laovutun" {freeze, Str+2 Dex+5}!!
You die...

.#########...#≈≈≈#
....#©..8#...#...##.
..8.#...©#.8.#......
....#©..8#.⌠.#.8.##.
.#########.8.#.©.##.
.#..#.#..#...#.8....
.#.#.#†#.#...#.©.##.
.#.#.#.#.#.8.#.8.##.#
.#^.#©#.^#.∩.#.©hH..#
.#.#.#.#.#.8.#.8.##....#
.#.#.#.#.#...#.©.##. #..
.#..#©#..#...#.8....
.#########.8.#.©.##.
....#©..8#.⌠.#.8.##.
..8.#...§#.8.#......
....#©..8#...#...##.
.#########...#≈≈≈#


You could see a minotaur (unable to see you).

Vanquished Creatures
  A great orb of eyes (Gauntlet)
  Lodul (D:10)
  Pikel (D:6)
  An arcanist (Gauntlet)
  An ugly thing (Gauntlet)
  Joseph (D:10)
  2 trolls
  A wolf spider simulacrum (Gauntlet)
  A centaur simulacrum (Gauntlet)
  12 yaks
  3 wyverns
  A steam dragon (D:7)
  A wraith (D:11)
  Grum (D:9)
  3 wargs (D:8)
  An acid dragon (D:10)
  3 water moccasins
  4 black bears
  6 ogres (D:10)
  4 orc warriors
  A sky beast (D:6)
  2 wolves (D:9)
  8 centaurs
  3 lemures (D:6)
  A phantom (D:4)
  A kobold brigand (D:7)
  2 bullfrogs
  A cane toad simulacrum (Gauntlet)
  2 scorpions
  6 wights
  8 killer bees
  6 howler monkeys
  A jelly (D:7)
  A gnoll bouda (D:6)
  3 hounds
  7 orc priests
  Terence (D:3)
  2 sleepcaps
  4 iguanas
  7 orc wizards
  8 gnolls
  11 adders
  4 white imps
  3 shadow imps
  4 ufetubi
  A worm (D:2)
  2 dart slugs
  38 orcs
  8 ball pythons
  7 endoplasms
  A giant cockroach (D:1)
  9 goblins
  8 hobgoblins
  2 jackals (D:1)
  3 quokkas
  9 bats
  6 frilled lizards
  12 kobolds
  4 rats
256 creatures vanquished.

Notes
Turn   | Place    | Note
-------+----------+-------------------------------------------
     0 | D:1      | James the Troll Shapeshifter began the quest for the Orb.
     0 | D:1      | Reached XP level 1. HP: 18/18 MP: 0/0
   173 | D:1      | Reached skill level 1 in Fighting
   210 | D:1      | Reached XP level 2. HP: 27/27 MP: 1/1
   406 | D:1      | Found Nejoqas's Armour Shop.
   875 | D:2      | Reached XP level 3. HP: 33/33 MP: 2/2
  1022 | D:2      | Reached skill level 4 in Unarmed Combat
  1301 | D:3      | Reached XP level 4. HP: 42/42 MP: 3/3
  2002 | D:3      | Noticed Terence
  2012 | D:3      | Killed Terence
  2013 | D:3      | Reached skill level 5 in Unarmed Combat
  2013 | D:3      | Reached XP level 5. HP: 25/49 MP: 4/4
  2216 | D:4      | Found the +5 robe of Misfortune {Harm *Corrode *Slow EV+5}
  2250 | D:4      | Noticed a phantom
  2258 | D:4      | Killed a phantom
  2259 | D:4      | Reached skill level 6 in Unarmed Combat
  2259 | D:4      | Reached XP level 6. HP: 57/57 MP: 5/5
  2599 | D:4      | Reached skill level 7 in Unarmed Combat
  2663 | D:4      | Reached XP level 7. HP: 65/65 MP: 6/6
  2825 | D:5      | Entered Level 5 of the Dungeon
  2907 | D:4      | Identified a scroll of acquirement
  2933 | D:5      | Found Tekho's Jewellery Boutique.
  2986 | D:5      | Reached skill level 8 in Unarmed Combat
  3010 | D:5      | Found a broken altar of Ashenzari.
  3476 | D:5      | Found Dial's Armour Emporium.
  3642 | D:5      | Found Demingil's Antique Armour Shoppe.
  3781 | D:5      | Found Raliath's General Store.
  3894 | D:5      | Found Rixyhin's Distillery.
  4054 | D:5      | Reached skill level 9 in Unarmed Combat
  4225 | D:5      | Bought a potion of heal wounds for 55 gold pieces
  4468 | D:6      | Reached XP level 8. HP: 72/72 MP: 7/7
  4470 | D:6      | Noticed Pikel
  4484 | D:6      | Killed Pikel
  4485 | D:6      | Reached skill level 10 in Unarmed Combat
  4509 | D:6      | Found the +18 Lear's hauberk
  4527 | D:6      | Found a staircase to the Ecumenical Temple.
  4536 | Temple   | Entered the Ecumenical Temple
  4554 | Temple   | Became a worshipper of Uskayaw the Reveller
  4645 | D:6      | Reached * piety under Uskayaw
  4646 | D:6      | Reached ** piety under Uskayaw
  4647 | D:6      | Reached skill level 11 in Unarmed Combat
  5098 | D:7      | Reached XP level 9. HP: 79/79 MP: 8/8
  5355 | D:7      | Reached skill level 12 in Unarmed Combat
  5362 | D:7      | Reached *** piety under Uskayaw
  5477 | D:7      | Got the Opusculum on Pneumatic Sinister Rituals
  6143 | D:8      | Reached skill level 5 in Fighting
  6177 | D:8      | Reached **** piety under Uskayaw
  6244 | D:8      | Found a staircase to the Lair.
  6252 | D:8      | Reached ***** piety under Uskayaw
  6253 | D:8      | Reached XP level 10. HP: 100/100 MP: 9/9
  7056 | D:9      | Noticed Grum
  7080 | D:9      | Killed Grum
  7235 | D:10     | Entered Level 10 of the Dungeon
  7246 | D:10     | Reached skill level 5 in Shapeshifting
  7260 | D:10     | Noticed Lodul
  7299 | D:10     | Killed Lodul
  7310 | D:10     | Reached ****** piety under Uskayaw
  7452 | D:10     | Noticed Joseph
  7468 | D:10     | Killed Joseph
  7469 | D:10     | Reached XP level 11. HP: 76/111 MP: 10/10
  7648 | D:10     | Found a staircase to the Orcish Mines.
  8152 | D:11     | Found a gate leading to a gauntlet.
  8196 | Gauntlet | Entered a Gauntlet
  8196 | Gauntlet | Found a transporter.
  8208 | Gauntlet | Found a transporter.
  8208 | Gauntlet | Found a transporter.
  8209 | Gauntlet | Found a transporter.
  8216 | Gauntlet | Noticed an arcanist
  8217 | Gauntlet | Found a transporter.
  8220 | Gauntlet | Found a transporter.
  8221 | Gauntlet | Found a transporter.
  8224 | Gauntlet | Noticed a green ugly thing
  8224 | Gauntlet | Noticed a great orb of eyes
  8233 | Gauntlet | Found a transporter.
  8234 | Gauntlet | Found a transporter.
  8234 | Gauntlet | Found a transporter.
  8236 | Gauntlet | Noticed a minotaur
  8241 | Gauntlet | Noticed a blizzard demon
  8245 | Gauntlet | Found a transporter.
  8245 | Gauntlet | Found a transporter.
  8246 | Gauntlet | Found a transporter.
  8257 | Gauntlet | Found a transporter.
  8258 | Gauntlet | Noticed an orange crystal statue
  8402 | Gauntlet | Killed an arcanist
  8411 | Gauntlet | Identified the -2 cloak "Ostrigunu" {rF++}
  8437 | Gauntlet | Killed a green ugly thing
  8442 | Gauntlet | Killed a great orb of eyes
  8467 | Gauntlet | Identified the +4 hand axe "Laovutun" {freeze, Str+2 Dex+5}
  8476 | Gauntlet | Demolished by a minotaur

Illustrated notes

Levels and vault maps discovered:
D:1:      dpeg_arrival_snail, layout_basic, serial_shops,
          nicolae_shop_tiny_statue_garden
D:2:      layout_basic
D:3:      layout_basic, kennysheep_generic_room_16, uniq_terence
D:4:      layout_gridville, kennysheep_nub, kennysheep_opposing_triangles
D:5:      layout_layer_cave, mainiacjoe_overflow_cross_hatched, serial_shops,
          nicolae_shop_gaudy_bauble, nicolae_shop_waterfront,
          nicolae_shop_behind_doors, nicolae_lakefront_shop, shop_fountains
D:6:      layout_gridville, minmay_temple_entry_poolview, uniq_pikel
D:7:      layout_basic, nicolae_titane
D:8:      layout_gridville, erik_lair_orcish_takeover,
          hangedman_abyss_or_decor_slice, chequers_serial_rivers_micro_b,
          palyth_stone_intersect, chequers_garden, dk_rats_in_the_wall
D:9:      layout_rooms, uniq_grum
D:10:     layout_gridville, erik_orc_4, minmay_sticks_and_stones, uniq_lodul
D:11:     layout_rooms, gauntlet_entry_generic,
          hangedman_abyss_or_decor_lesser_grid, minivault_14
Temple:   roderic_octagonal_lattice_temple
Gauntlet: gammafunk_gauntlet_77_escape_option [minmay_gauntlet_arena_77_box,
          minmay_gauntlet_arena_77_mirror, minmay_gauntlet_arena_77_braids,
          minmay_gauntlet_arena_77_double_cross,
          minmay_gauntlet_arena_77_chump_sandwich, gauntlet_exit_green]

Skill      XL: |  1  2  3  4  5  6  7  8  9 10 11 |
---------------+----------------------------------+-----
Fighting       | 1 2 6 8 |  8.0
Dodging        | 2 3 |  3.0
Unarmed Combat | 4 5 6 7 9 11 12 | 12.0
Shapeshifting  | 7 9 |  9.9

Action                     |  1- 3 |  4- 6 |  7- 9 | 10-12 || total
---------------------------+-------+-------+-------+-------++-------
  Melee: Unarmed           |    89 |    91 |   185 |   179 ||   544
         Punch             |       |     2 |    12 |    14 ||    28
  Throw: Dart              |       |     4 |       |       ||     4
    Use: Scroll            |       |       |    19 |     3 ||    22
         Potion            |       |       |       |     1 ||     1
   Stab: Sleeping          |     1 |     1 |       |       ||     2
         Paralysed         |       |       |     4 |     9 ||    13
 Armour: Animal skin       |    50 |       |       |       ||    50
         Robe              |     3 |    45 |    75 |   117 ||   240
  Dodge: Dodged            |    44 |    43 |   125 |   110 ||   322

Table legend: (Time is in decaauts)
 A = Elapsed time spent in this place.
 B = Non-inter-level travel time spent in this place.
 C = Inter-level travel time spent in this place.
 D = Time resting spent in this place.
 E = Time spent auto-exploring this place.
 F = Levels seen in this place.
 G = Mean time per level.
                   A        B        C        D        E       F      G
               +--------+--------+--------+--------+--------+-----+--------+
         Total |   8402 |   7655 |    747 |    520 |   4934 |  13 |  646.3 |
       Dungeon |   8092 |   7379 |    713 |    482 |   4814 |  11 |  735.6 |
        Temple |     36 |      2 |     34 |      0 |      0 |   1 |   36.0 |
      Gauntlet |    273 |    273 |      0 |     38 |    120 |   1 |  273.0 |
               +--------+--------+--------+--------+--------+-----+--------+

Top non-repeatable levels by time:
     D:5: 1296 daAuts
     D:3: 1037 daAuts
     D:7: 930 daAuts
     D:1: 813 daAuts
     D:8: 779 daAuts
     D:6: 750 daAuts
    D:10: 744 daAuts
     D:4: 732 daAuts
     D:9: 554 daAuts
     D:2: 361 daAuts
Gauntlet: 273 daAuts
    D:11: 90 daAuts
  Temple: 36 daAuts
